 Dungeon Crawl Stone Soup version 0.18-a0-1418-ga86aa8f (webtiles) character file.

1966 M4edhros the Martial Artist (level 9, -3/53 HPs)
             Began as an Octopode Artificer on Feb 26, 2016.
             Was a Follower of Fedhas.
             Slain by a killer bee (8 damage)
             ... on level 7 of the Dungeon.
             The game lasted 00:07:31 (4880 turns).

M4edhros the Martial Artist (Octopode Artificer)    Turns: 4880, Time: 00:07:31

Health: -3/53      AC:  1    Str: 11    XL:     9   Next: 19%
Magic:  11/11      EV: 15    Int: 17    God:    Fedhas [*.....]
Gold:   229        SH:  0    Dex: 12    Spells: 0 memorised, 8 levels left

rFire  x . .     SeeInvis .       - Unarmed
rCold  + . .     Gourm    .     (no shield)
rNeg   . . .     Faith    .     (helmet restricted)
rPois  .         Spirit   .     x - amulet of harm
rElec  .         Dismiss  .     s - +3 ring of evasion
rCorr  +         Reflect  .     n - ring of ice
SustAt .         Harm     +     g - ring of resist corrosion
MR     .....                    (no ring)
Stlth  +++.......               (no ring)
                                (no ring)
                                (no ring)
                                (no ring)

@: not resistant to hostile enchantments, fairly stealthy
A: almost no armour, amphibious, 8 rings, constrict 8, camouflage 1, gelatinous
body 1
a: Evolution, Renounce Religion


You were on level 7 of the Dungeon.
You worshipped Fedhas.
Fedhas was aware of your devotion.
You were not hungry.

You visited 1 branch of the dungeon, and saw 7 of its levels.
You also visited: Sewer.

You collected 229 gold pieces.

Inventory:

Hand Weapons
 v - a +0 blowgun
Missiles
 a - 2 javelins (quivered)
 r - 30 sling bullets
 w - 70 poisoned needles
Jewellery
 g - a ring of resist corrosion (on tentacle)
 n - a ring of ice (right tentacle)
 s - a +3 ring of evasion (left tentacle)
 x - an amulet of harm (around mantle)
Wands
 b - a wand of flame (7/48)
 c - a wand of enslavement (13/24)
 d - a wand of random effects (4/48)
 j - a wand of digging (11/24)
 y - a wand of teleportation (5/9)
Scrolls
 e - 2 scrolls of teleportation {unknown}
 i - a scroll of fear {unknown}
 k - 4 scrolls of remove curse {unknown}
 l - 10 scrolls of identify {unknown}
 m - 3 scrolls of noise {unknown}
 p - a scroll of random uselessness {unknown}
 q - a scroll of blinking {unknown}
 B - a scroll of fog {unknown}
Potions
 h - 2 potions of curing
 t - a potion of haste
 u - a potion of flight
 z - a potion of heal wounds
Comestibles
 f - 5 bread rations
 o - a meat ration
 A - 2 beef jerkies


   Skills:
 - Level 1.0 Fighting
   Level 1.0 Short Blades
 - Level 2.0 Dodging
 - Level 1.3 Stealth
 + Level 11.5 Unarmed Combat
 - Level 3.2 Evocations


You had 8 spell levels left.
You didn't know any spells.

Dungeon Overview and Level Annotations

Branches:
Dungeon (7/15)
 Temple: D:4-7

Altars:
Dithmenos
Fedhas
Makhleb
Ru


Innate Abilities, Weirdness & Mutations

You cannot wear most types of armour.
You are amphibious.
You can wear up to eight rings at the same time.
You can use your tentacles to constrict eight enemies at once.
Your skin changes colour to match your surroundings (Stealth).
Your rubbery body absorbs attacks (AC +1).


Message History

* * * LOW HITPOINT WARNING * * *
Unknown command.
Drink which item? (? for menu, Esc to quit)
You feel better. The killer bee closely misses you. x2
You barely miss the killer bee. Your grab misses the killer bee.
The killer bee stings you.
* * * LOW HITPOINT WARNING * * *
You miss the killer bee. Your grab misses the killer bee.
Your tentacle-slap misses the killer bee.
The killer bee stings you.
* * * LOW HITPOINT WARNING * * *
You are poisoned.
The killer bee poisons you!
Drink which item? (? for menu, Esc to quit)
You feel better. The killer bee stings you!
* * * LOW HITPOINT WARNING * * *
You closely miss the killer bee. You grab the killer bee.
You constrict the killer bee. The killer bee stings you!
You die...
Fedhas appreciates your contribution to the ecosystem.

.. #+# .. #.# .#
#.# .. #######.##
#.# #........# #†#
#.###..... ##y# #.#
##.[.#
##@#.#####.#####..#
#.###..............
##.#.#####.#####..#
##.## #.# #..# ###
#.#####..#
#........#
#######.## #.#
#########.##


You could see a killer bee.

Vanquished Creatures
  A kobold demonologist (Sewer)
  Grinder (D:3)
  Sigmund (D:2)
  An orc warrior (D:7)
  An ice beast (D:7)
  2 ogres
  2 killer bees (D:7)
  2 big kobolds (Sewer)
  A scorpion (D:4)
  A crimson imp (D:7)
  A giant frog zombie (D:6)
  2 hounds (D:4)
  An orc priest (D:5)
  5 orc wizards
  An iguana (D:5)
  3 worker ants
  2 big kobold zombies (Sewer)
  A hound skeleton (D:5)
  6 adders
  A gnoll (D:7)
  8 shadow imps
  An ufetubus (Sewer)
  An ooze (Sewer)
  2 adder skeletons (D:4)
  A worm (D:4)
  4 dart slugs
  5 giant geckos
  18 orcs
  10 giant cockroaches
  14 goblins
  6 hobgoblins
  27 kobolds
  3 quokkas
  7 bats
  A giant cockroach zombie (Sewer)
  3 giant newts
  10 rats
157 creatures vanquished.

Vanquished Creatures (others)
  2 killer bees (D:7)
  24 toadstools
26 creatures vanquished.

Grand Total: 183 creatures vanquished

Notes
Turn   | Place    | Note
--------------------------------------------------------------
     0 | D:1      | M4edhros the Octopode Artificer began the quest for the Orb.
     0 | D:1      | Reached XP level 1. HP: 13/13 MP: 3/3
    71 | D:1      | Reached skill level 1 in Unarmed Combat
   167 | D:1      | Reached XP level 2. HP: 15/18 MP: 4/4
   321 | D:1      | Reached skill level 2 in Unarmed Combat
   569 | D:1      | Reached XP level 3. HP: 21/23 MP: 5/5
   913 | D:2      | Gained mutation: You are partially covered in molten scales (AC +1). [potion of beneficial mutation]
   959 | D:2      | Noticed Sigmund
   980 | D:2      | Killed Sigmund
   980 | D:2      | Reached skill level 5 in Unarmed Combat
   980 | D:2      | Reached XP level 4. HP: 21/28 MP: 6/6
   980 | D:2      | Reached XP level 5. HP: 24/33 MP: 7/7
  1339 | D:2      | Found a sacrificial altar of Ru.
  1504 | D:3      | Noticed Grinder
  1516 | D:3      | Killed Grinder
  1516 | D:3      | Reached skill level 6 in Unarmed Combat
  1516 | D:3      | Reached XP level 6. HP: 12/38 MP: 8/8
  1609 | D:3      | Gained mutation: You are resistant to electric shocks. [potion of beneficial mutation]
  1618 | D:3      | Lost mutation: You are partially covered in molten scales (AC +1). [potion of cure mutation]
  1618 | D:3      | Lost mutation: You are resistant to electric shocks. [potion of cure mutation]
  1619 | D:3      | Gained mutation: You are frail (-10% HP). [potion of mutation]
  1619 | D:3      | Gained mutation: You are clumsy. (Dex -2) [potion of mutation]
  1620 | D:3      | Lost mutation: You are clumsy. (Dex -2) [potion of cure mutation]
  1620 | D:3      | Lost mutation: You are frail (-10% HP). [potion of cure mutation]
  1913 | D:3      | Found a glowing drain.
  1929 | Sewer    | Entered a sewer
  1977 | Sewer    | Reached XP level 7. HP: 40/43 MP: 9/9
  1996 | Sewer    | Reached skill level 7 in Unarmed Combat
  2170 | Sewer    | Found a burning altar of Makhleb.
  2224 | Sewer    | Reached skill level 8 in Unarmed Combat
  2260 | Sewer    | Noticed an apprentice kobold demonologist
  2272 | Sewer    | Killed an apprentice kobold demonologist
  2272 | Sewer    | Reached skill level 9 in Unarmed Combat
  2272 | Sewer    | Reached XP level 8. HP: 26/48 MP: 10/10
  2742 | D:4      | Found a burning altar of Makhleb.
  3400 | D:5      | Entered Level 5 of the Dungeon
  3419 | D:5      | Reached skill level 10 in Unarmed Combat
  3703 | D:5      | Found a blossoming altar of Fedhas.
  3720 | D:5      | Became a worshipper of Fedhas Madash
  4251 | D:6      | Found a shadowy altar of Dithmenos.
  4624 | D:7      | Reached skill level 11 in Unarmed Combat
  4624 | D:7      | Reached XP level 9. HP: 51/53 MP: 11/11
  4683 | D:7      | Reached * piety under Fedhas
  4880 | D:7      | Slain by a killer bee

Vault maps used:
D:1:      dpeg_arrival_long_road
D:2:      nicolae_ru_awakened_eye, first_bread, nicolae_underground_beach,
          uniq_sigmund
D:3:      gup_sewer_entry_bubbles, patterned_corridor, uniq_grinder
D:4:      bloody_makhleb
D:5:      kennysheep_kobold_camp, nicolae_overflow_crystal_walls,
          temple_fountains
D:6:      slow_altar_1, grunt_dithmenos_smoke_and_mirrors
D:7:      minitemple, basic_altar, grunt_livestock
Sewer:    kennysheep_sewer_church

Skill      XL: |  1  2  3  4  5  6  7  8 |
---------------+-------------------------+-----
Unarmed Combat | 1 2 5 6 9 11 | 11.5
Fighting       | |  1.0
Short Blades   | |  1.0
Dodging        | |  2.0
Stealth        | |  1.3
Evocations     | |  3.2

Action                   |  1- 3 |  4- 6 |  7- 9 || total
-------------------------+-------+-------+-------++-------
Melee: Unarmed           |    61 |    79 |   239 ||   379
Evoke: Wand              |       |     1 |    20 ||    21
  Use: Potion            |     4 |     5 |    10 ||    19
 Stab: Sleeping          |     7 |     8 |     6 ||    21
       Distracted        |     1 |       |     1 ||     2
  Eat: Chunk             |       |     3 |     4 ||     7
       Meat ration       |       |       |     1 ||     1
       Pizza             |       |       |     1 ||     1
